 Dungeon Crawl Stone Soup version 0.28.0-53-g5a82cb258f (webtiles) character file.

Game seed: 11829954182967892819

142 MiltankisOP the Insei (level 5, -2/40 HPs)
             Began as a Draconian Transmuter on June 17, 2022.
             Slain by an orc wizard
             ... wielding a +2 dagger of venom
              (3 damage)
             ... on level 3 of the Dungeon.
             The game lasted 00:05:18 (2821 turns).

MiltankisOP the Insei (Draconian Transmuter)        Turns: 2821, Time: 00:05:18

Health: -2/40      AC:  5    Str: 12    XL:     5   Next: 4%
Magic:  8/8        EV: 12    Int: 15    God:
Gold:   119        SH:  0    Dex: 12    Spells: 7/8 levels left

rFire   . . .      SeeInvis .     - Unarmed
rCold   . . .      Faith    .   (no shield)
rNeg    . . .      Spirit   .   (armour unavailable)
rPois   .          Reflect  .   (helmet restricted)
rElec   .          Harm     .   (no cloak)
rCorr   .          Rampage  .   (no gloves)
Will    .....                   (no boots)
Stlth   +.........              (no amulet)
HPRegen 0.13/turn               (no ring)
MPRegen 0.11/turn               (no ring)

@: confused, lethally poisoned (-2 -> -6)
A: AC +5, unfitting armour, cold-blooded
a: no special abilities


You were on level 3 of the Dungeon.
You visited 1 branch of the dungeon, and saw 3 of its levels.

You collected 119 gold pieces.

Inventory:

Armour
 b - a +0 pair of boots
Scrolls
 a - 3 scrolls of identify {unknown}
 c - a scroll of amnesia {unknown}
 d - a scroll of teleportation {unknown}
 e - 2 scrolls of fear {unknown}
 f - a scroll of immolation {unknown}
 j - a scroll of summoning {unknown}
Potions
 g - a potion of heal wounds {unknown}
 i - a potion of lignification {unknown}
 k - a potion of mutation {unknown}
 l - a potion of brilliance {unknown}


   Skills:
 - Level 1.1 Fighting
 - Level 1.7 Dodging
 + Level 5.8 Unarmed Combat
 - Level 2.0 Spellcasting
 - Level 2.0 Transmutations


You had 7 spell levels left.
You knew the following spells:

 Your Spells              Type           Power      Damage    Failure   Level
a - Beastly Appendage     Tmut           14%        N/A       10%         1

Your spell library contained the following spells:

 Spells                   Type           Power      Damage    Failure   Level
 Wereblood                Tmut           7%         N/A       14%         2
 Spider Form              Tmut/Pois      4%         N/A       41%         3
 Ice Form                 Ice/Tmut       4%         N/A       82%         4


Dungeon Overview and Level Annotations

Branches:
Dungeon (3/15)

Altars:


Innate Abilities, Weirdness & Mutations

Your plain brown scales are hard. (AC +5)
You cannot fit into any form of body armour.
You are cold-blooded and may be slowed by cold attacks.


Message History

You feel very sick. Something hits you but does no damage.
You are more poisoned.
You feel very sick.
The kobold throws a stone.
The stone hits you but does no damage.
You bump into the rock wall.
You feel sick. Something hits you.
You are lethally poisoned!
* * * LOW HITPOINT WARNING * * *
You feel very sick.
* * * LOW HITPOINT WARNING * * *
You feel very sick.
You are too confused!
It was a potion of curing.
You feel better. The orc closely misses you.
You hear some strange, mumbled words.
You are confused.
You miss something. You barely miss something. Something barely misses you.
You're too confused to cast spells.
You hear some strange, mumbled words.
You are more confused.
You bump into the rock wall.
You bump into the rock wall.
Something hits you.
* * * LOW HITPOINT WARNING * * *
You are lethally poisoned!
The kobold throws a stone.
The stone barely misses you.
You bump into the rock wall.
* * * LOW HITPOINT WARNING * * *
You feel very sick. Something hits you.
* * * LOW HITPOINT WARNING * * *
The kobold throws a stone.
The stone closely misses you.
* * * LOW HITPOINT WARNING * * *
You feel very sick.
The kobold throws a stone.
* * * LOW HITPOINT WARNING * * *
You feel sick.
You barely miss something.
Your tail-slap misses something.
* * * LOW HITPOINT WARNING * * *
You feel sick. Something hits you.
You die...

#.#K#.#.#.#.#.#.#...#.#.#.#.#.##
##.#.#o#.#.#.#.#.....#.#.#.#.#.#
#.#.#.#o#.#.#.#.#.#.#.#.#.#.#.##
##.#.#.#.#.#.#.#.#.#.#.#.#.#.#.#
#.#.#.#.#.#o#.#.#.#.#.#.#.#.#.##
##.#.#.#.#.#K#.#.#.#.#.#.#.#....
#.#.#.#.#.#.#.#.#.#.#.#.#.#.#...
##.#.#.#.#.#.#.#.#.#.#.#.#.#+...
#.#.#.#.#.#.#.#@#.#.#.#.#.#.#...
##.#.#.#.#.#.#.#.#.#.#.#.#.#.#'#
###########>#.#################
###.# ###


You could see an orc and a kobold.

Vanquished Creatures
  Terence (D:2)
  Robin (D:2)
  3 adders
  A worm (D:2)
  A dart slug (D:1)
  An orc (D:3)
  8 endoplasms
  3 giant cockroaches
  12 goblins
  11 hobgoblins
  A jackal (D:1)
  2 quokkas (D:1)
  7 ball pythons
  3 bats
  5 frilled lizards
  4 kobolds (D:2)
  4 rats (D:2)
68 creatures vanquished.

Notes
Turn   | Place    | Note
-------+----------+-------------------------------------------
     0 | D:1      | MiltankisOP the Draconian Transmuter began the quest for
                  | the Orb.
     0 | D:1      | Reached XP level 1. HP: 16/16 MP: 3/3
   266 | D:1      | Reached XP level 2. HP: 23/23 MP: 3/5
   405 | D:1      | Reached skill level 4 in Unarmed Combat
   637 | D:1      | Reached XP level 3. HP: 28/28 MP: 4/6
  1276 | D:2      | Noticed Terence
  1286 | D:2      | Killed Terence
  1661 | D:2      | Reached XP level 4. HP: 34/35 MP: 5/7
  1825 | D:2      | Identified the -5 helmet of Space {Will++ Str+8}
  1825 | D:2      | Noticed Robin
  1830 | D:2      | Reached skill level 5 in Unarmed Combat
  1851 | D:2      | Killed Robin
  2511 | D:3      | Reached XP level 5. HP: 27/40 MP: 6/8
  2821 | D:3      | HP: 1/40 [poisoned by an orc wizard]
  2821 | D:3      | Slain by an orc wizard

Illustrated notes

Levels and vault maps discovered:
D:1:      dpeg_arrival_stonehenge_8_columns, layout_loops_ring,
          minmay_three_crescents
D:2:      layout_loops_ring, chequers_serial_rivers_large_b, dk_noncrumbling_2,
          patterned_corridor, uniq_robin, uniq_terence
D:3:      layout_basic

Skill      XL: |  1  2  3  4 |
---------------+-------------+-----
Unarmed Combat | 4 5 |  5.8
Fighting       | |  1.1
Dodging        | |  1.7
Spellcasting   | |  2.0
Transmutations | |  2.0

Action                   |  1- 3 |  4- 6 || total
-------------------------+-------+-------++-------
Melee: Unarmed           |    86 |   104 ||   190
       Headbutt          |    15 |    14 ||    29
       Kick              |    14 |    21 ||    35
       Tailslap          |     7 |     6 ||    13
       Punch             |       |     1 ||     1
 Cast: Beastly Appendage |    27 |    18 ||    45
  Use: Potion            |       |     1 ||     1
Armor: Skin              |    17 |    26 ||    43
Dodge: Dodged            |    65 |    54 ||   119
